[Event "African Games Rapid Open 2019"]
[Site "Casablanca"]
[Date "2019.08.26"]
[Round "1.1"]
[White "Adly, Ahmed"]
[Black "Mphungu, Gerrard"]
[Result "1-0"]
[ECO "A06"]
[WhiteElo "2636"]
[BlackElo "2107"]
[Annotator "RC"]
[PlyCount "72"]
[EventDate "2019.08.26"]
[EventType "team-tourn"]
[EventCountry "MAR"]
[SourceTitle "playchess.com"]
[Source "ChessBase"]
[SourceQuality "1"]
[TimeControl "900+10"]

1. Nf3 d5 2. e3 c6 3. b3 Bg4 4. Bb2 Nd7 5. h3 Bh5 6. c4 e6 7. Nc3 Ngf6 8. Ne2 Qa5 9. Nf4 Bxf3 10. gxf3 Ba3 11. Qc2 Bxb2 12. Qxb2 Qc5 13. Rg1 g6 14. Rc1 Qd6 15. cxd5 exd5 16. h4 Qe5 17. Qa3 a5 18. Bd3 Nh5 19. Rg5 Nxf4 20. Rxe5+ Nxe5 21. Bf1 Nfd3+ 22. Kd1 Nxc1 23. Kxc1 Kd7 24. f4 Ng4 25. f3 Nh6 26. Qb2 f5 27. Qg7+ Ke6 28. Qxh6 Rag8 29. Bh3 a4 30. b4 Kf6 31. Qg5+ Kf7 32. Qh6 Rg7 33. e4 dxe4 34. fxe4 fxe4 35. Be6+ Kf6 36. Bc4 Rc7 1-0

[Event "African Games Rapid Open 2019"]
[Site "Casablanca"]
[Date "2019.08.26"]
[Round "1.4"]
[White "Beukes, Dante M"]
[Black "Bellahcene, Bilel"]
[Result "0-1"]
[ECO "B30"]
[WhiteElo "2130"]
[BlackElo "2550"]
[Annotator "ChessBase"]
[PlyCount "62"]
[EventDate "2019.08.26"]
[EventType "team-tourn"]
[EventCountry "MAR"]
[SourceTitle "playchess.com"]
[Source "ChessBase"]
[SourceQuality "1"]
[TimeControl "900+10"]

1. e4 c5 2. Nf3 Nc6 3. Bb5 d6 4. O-O Bd7 5. Re1 Nf6 6. c3 a6 7. Bf1 Bg4 8. d3 e6 9. Nbd2 Be7 10. h3 Bh5 11. Be2 d5 12. e5 Nd7 13. d4 cxd4 14. cxd4 Bg6 15. a3 Rc8 16. Nb1 Na5 17. Nc3 Qb6 18. Bd3 O-O 19. Bxg6 fxg6 20. Qe2 Nb3 21. Rb1 Nxd4 22. Nxd4 Qxd4 23. Qd2 Qxd2 24. Bxd2 Bc5 25. Re2 Bd4 26. Rbe1 Rf5 27. Nxd5 exd5 28. e6 Ne5 29. Bc3 Bxc3 30. bxc3 Nc6 31. e7 Re8 0-1

[Event "African Games Rapid Open 2019"]
[Site "Casablanca"]
[Date "2019.08.26"]
[Round "1.11"]
[White "Kayonde, Andrew"]
[Black "Rita, Jeorciley"]
[Result "1-0"]
[ECO "D05"]
[WhiteElo "2384"]
[BlackElo "1920"]
[Annotator "ChessBase"]
[PlyCount "63"]
[EventDate "2019.08.26"]
[EventType "team-tourn"]
[EventCountry "MAR"]
[SourceTitle "playchess.com"]
[Source "ChessBase"]
[SourceQuality "1"]
[TimeControl "900+10"]

1. d4 e6 2. Nf3 Nf6 3. e3 d5 4. Bd3 c5 5. O-O h6 6. b3 Nbd7 7. Bb2 b6 8. Ne5 Bb7 9. f4 Ne4 10. Qh5 Nxe5 11. fxe5 g6 12. Bb5+ Ke7 13. Qh4+ Ng5 14. Nd2 a6 15. Nf3 Bg7 16. Nxg5 hxg5 17. Qxg5+ Kf8 18. Qxg6 Qe7 19. Rxf7+ Qxf7 20. Rf1 Qxf1+ 21. Bxf1 Rh6 22. Qg5 Kf7 23. Ba3 Rc8 24. Be2 Rch8 25. h3 Bf8 26. Qd8 Be7 27. Qxb6 Ba8 28. Qa7 Re8 29. Bxc5 Kf8 30. Bxe7+ Rxe7 31. Qxa8+ Kg7 32. Qxa6 1-0

[Event "African Games Rapid Open 2019"]
[Site "Casablanca"]
[Date "2019.08.26"]
[Round "1.12"]
[White "Espirito Santo, Waldyr"]
[Black "Chumfwa, Stanley"]
[Result "0-1"]
[ECO "B90"]
[WhiteElo "1923"]
[BlackElo "2317"]
[Annotator "NA"]
[PlyCount "50"]
[EventDate "2019.08.26"]
[EventType "team-tourn"]
[EventCountry "MAR"]
[SourceTitle "playchess.com"]
[Source "ChessBase"]
[SourceQuality "1"]
[TimeControl "900+10"]

1. e4 c5 2. Nf3 d6 3. d4 cxd4 4. Nxd4 Nf6 5. Nc3 a6 6. f3 e5 7. Nb3 Be7 8. Be3 O-O 9. Qd2 Be6 10. Be2 b5 11. a3 Nbd7 12. Rd1 Qc7 13. O-O Rac8 14. Rc1 Rfd8 15. Rfd1 Nb6 16. Na5 d5 17. exd5 Nbxd5 18. Nxd5 Nxd5 19. b4 Nc3 20. Bd3 Nxd1 21. Rxd1 Bc4 22. Qf2 Bxd3 23. Bb6 Qxc2 24. Qxc2 Bxc2 25. Rxd8+ Bxd8 0-1

[Event "African Games Rapid Open 2019"]
[Site "Casablanca"]
[Date "2019.08.26"]
[Round "1.15"]
[White "Osunfuyi, Abimbola"]
[Black "Hassan, Abderrahmane"]
[Result "1-0"]
[ECO "A10"]
[WhiteElo "2235"]
[BlackElo "1786"]
[Annotator "NA"]
[PlyCount "53"]
[EventDate "2019.08.26"]
[EventType "team-tourn"]
[EventCountry "MAR"]
[SourceTitle "playchess.com"]
[Source "ChessBase"]
[SourceQuality "1"]
[TimeControl "900+10"]

1. c4 f5 2. g3 Nf6 3. Bg2 d6 4. Nc3 e5 5. d3 Be7 6. e4 c6 7. Nge2 O-O 8. O-O Qe8 9. Rb1 Qh5 10. f3 f4 11. gxf4 Bh3 12. Ng3 Qh4 13. f5 Bxg2 14. Kxg2 Nbd7 15. Be3 Nh5 16. Nxh5 Qxh5 17. f4 Qh4 18. Rf3 exf4 19. Rxf4 Qg5+ 20. Kh1 Ne5 21. Qe2 Qh6 22. Rg4 Qh3 23. Rg3 Qh4 24. d4 Nd7 25. Rbg1 Bf6 26. Qg2 Rf7 27. Rh3 1-0

[Event "African Games Rapid Open 2019"]
[Site "Casablanca"]
[Date "2019.08.26"]
[Round "1.18"]
[White "Asante Debesai Zerabruk"]
[Black "Wanyama, Harold"]
[Result "1/2-1/2"]
[ECO "B43"]
[WhiteElo "1712"]
[BlackElo "2293"]
[Annotator "NA"]
[PlyCount "56"]
[EventDate "2019.08.26"]
[EventType "team-tourn"]
[EventCountry "MAR"]
[SourceTitle "playchess.com"]
[Source "ChessBase"]
[SourceQuality "1"]
[TimeControl "900+10"]

1. e4 c5 2. Nf3 e6 3. d4 cxd4 4. Nxd4 a6 5. Nc3 Qc7 6. Be2 Bb4 7. Bd2 Nf6 8. Bd3 O-O 9. a3 Bc5 10. Nb3 Ba7 11. O-O Nc6 12. Ne2 Ne5 13. Bg5 d6 14. Ng3 Nfd7 15. h3 b5 16. Kh2 Bb7 17. f4 Nxd3 18. cxd3 Rfe8 19. Rc1 Qb6 20. f5 Rac8 21. f6 g6 22. h4 d5 23. h5 Bb8 24. hxg6 hxg6 25. Qg4 Rxc1 26. Rxc1 Qf2 27. Qh4 dxe4 28. Rf1 Qxf1 1/2-1/2

[Event "African Games Rapid Open 2019"]
[Site "Casablanca"]
[Date "2019.08.26"]
[Round "2.3"]
[White "Silva, David"]
[Black "Hamdouchi, Hicham"]
[Result "0-1"]
[ECO "B30"]
[WhiteElo "2239"]
[BlackElo "2562"]
[Annotator "ChessBase"]
[PlyCount "139"]
[EventDate "2019.08.26"]
[EventType "team-tourn"]
[EventCountry "MAR"]
[SourceTitle "playchess.com"]
[Source "ChessBase"]
[SourceQuality "1"]
[TimeControl "900+10"]

1. e4 c5 2. Nf3 Nc6 3. Bb5 e6 4. Bxc6 bxc6 5. O-O Ne7 6. d3 Ng6 7. Ng5 f6 8. Nh3 d5 9. Nc3 Bd6 10. f4 O-O 11. Na4 c4 12. dxc4 dxe4 13. Be3 Qe7 14. Qh5 Rd8 15. Rad1 Ba6 16. b3 f5 17. Rd2 Bb4 18. Rxd8+ Rxd8 19. Rd1 Bd6 20. Qg5 Qc7 21. Qh5 Be7 22. Qe2 Rxd1+ 23. Qxd1 c5 24. Qd2 Nf8 25. Nf2 Nd7 26. Nd1 Bb7 27. Ndc3 a6 28. Ne2 h6 29. a3 Bc6 30. Nec3 Bd6 31. Qf2 Bb7 32. Qd2 Kh7 33. Qf2 Kg8 34. Qd2 Kf7 35. Qf2 Kf8 36. Qd2 Ke7 37. Qf2 Kf7 38. Qd2 g5 39. g3 gxf4 40. gxf4 Nf6 41. h3 Nh5 42. Ne2 Nf6 43. Qe1 Nd7 44. Qh4 Bf8 45. Qh5+ Ke7 46. Qg6 Qd6 47. Kf2 Kd8 48. Nac3 Kc7 49. Qh7 Bc6 50. b4 cxb4 51. c5 Qe7 52. Qxe7 Bxe7 53. axb4 Nf6 54. Nd4 Bd7 55. b5 axb5 56. Ncxb5+ Bxb5 57. Nxb5+ Kd7 58. c4 Nh5 59. Nd4 Bxc5 60. Nxf5 exf5 61. Bxc5 Nxf4 62. Kg3 Ng6 63. Be3 h5 64. h4 Ke6 65. Bh6 Kd6 66. Be3 Ke5 67. Bg5 f4+ 68. Kf2 Kd4 69. c5 Kxc5 70. Ke1 0-1

[Event "African Games Rapid Open 2019"]
[Site "Casablanca"]
[Date "2019.08.26"]
[Round "2.4"]
[White "Bellahcene, Bilel"]
[Black "Osunfuyi, Abimbola"]
[Result "1-0"]
[ECO "B90"]
[WhiteElo "2550"]
[BlackElo "2235"]
[Annotator "ChessBase"]
[PlyCount "67"]
[EventDate "2019.08.26"]
[EventType "team-tourn"]
[EventCountry "MAR"]
[SourceTitle "playchess.com"]
[Source "ChessBase"]
[SourceQuality "1"]
[TimeControl "900+10"]

1. e4 c5 2. Nf3 d6 3. d4 cxd4 4. Nxd4 Nf6 5. Nc3 a6 6. h4 e5 7. Nb3 Be7 8. Be2 Be6 9. Bf3 Nbd7 10. g4 Nb6 11. g5 Nfd7 12. Bg4 Rc8 13. Bxe6 fxe6 14. Qh5+ g6 15. Qg4 Kf7 16. f4 Qg8 17. Rf1 Ke8 18. fxe5 Nxe5 19. Qh3 h6 20. gxh6 g5 21. hxg5 Kd7 22. Nd5 Nxd5 23. exd5 Rxc2 24. Nd4 Rc4 25. Qxe6+ Qxe6 26. dxe6+ Kc7 27. Be3 Bxg5 28. Bxg5 Rxd4 29. Rc1+ Kb8 30. e7 Nd7 31. Rc2 Rd5 32. Re2 Re8 33. h7 Rxg5 34. Rf8 1-0

[Event "African Games Rapid Open 2019"]
[Site "Casablanca"]
[Date "2019.08.26"]
[Round "2.5"]
[White "Wanyama, Harold"]
[Black "Arab, Adlane"]
[Result "1/2-1/2"]
[ECO "A30"]
[WhiteElo "2293"]
[BlackElo "2485"]
[Annotator "ChessBase"]
[PlyCount "108"]
[EventDate "2019.08.26"]
[EventType "team-tourn"]
[EventCountry "MAR"]
[SourceTitle "playchess.com"]
[Source "ChessBase"]
[SourceQuality "1"]
[TimeControl "900+10"]

1. c4 c5 2. Nf3 Nc6 3. g3 g6 4. Bg2 Bg7 5. O-O d6 6. Nc3 e6 7. e4 Nge7 8. b3 O-O 9. Bb2 a6 10. Rc1 b5 11. d3 Rb8 12. Qd2 e5 13. Nd5 Nxd5 14. cxd5 Ne7 15. Ne1 a5 16. f4 f6 17. Kh1 Ra8 18. a4 Bd7 19. Ra1 Qb6 20. axb5 Qxb5 21. Bc3 Qxb3 22. Nc2 Rfb8 23. fxe5 fxe5 24. Bxa5 Qb7 25. Na3 Ra6 26. Nc4 Qa7 27. Bc3 Rxa1 28. Bxa1 Qa6 29. Qg5 Re8 30. Bb2 h6 31. Qd2 Rb8 32. h4 Nc8 33. Qf2 Be8 34. Bh3 Kh8 35. Ra1 Qb7 36. Kg2 Bd7 37. Bxd7 Qxd7 38. Qf3 Nb6 39. Nxb6 Rxb6 40. Ra8+ Kh7 41. Bc1 Rb1 42. Be3 Rb2+ 43. Bf2 h5 44. Qd1 Qf7 45. Qf3 Qb7 46. Re8 Qd7 47. Re6 Rb8 48. g4 Rf8 49. Qg3 Rf6 50. gxh5 Rxe6 51. dxe6 Qxe6 52. hxg6+ Qxg6 53. Kh3 Qf7 54. Kg2 c4 1/2-1/2

[Event "African Games Rapid Open 2019"]
[Site "Casablanca"]
[Date "2019.08.26"]
[Round "2.6"]
[White "Tissir, Mohamed"]
[Black "Elarabi, Abobker Mohamed"]
[Result "1/2-1/2"]
[ECO "C50"]
[WhiteElo "2379"]
[BlackElo "2326"]
[Annotator "ChessBase"]
[PlyCount "133"]
[EventDate "2019.08.26"]
[EventType "team-tourn"]
[EventCountry "MAR"]
[SourceTitle "playchess.com"]
[Source "ChessBase"]
[SourceQuality "1"]
[TimeControl "900+10"]

1. e4 e5 2. Nf3 Nc6 3. Bc4 Be7 4. d3 Nf6 5. O-O O-O 6. Re1 d6 7. c3 Na5 8. Bb5 Bd7 9. Bxd7 Qxd7 10. d4 Nc6 11. h3 Rfe8 12. d5 Nd8 13. c4 g6 14. Nc3 Bf8 15. a4 a5 16. Bd2 b6 17. b4 Nb7 18. Nb5 axb4 19. Bxb4 Bg7 20. Nd2 Nh5 21. Nb3 Ra6 22. Qg4 Qe7 23. a5 Rea8 24. axb6 Rxa1 25. Rxa1 Rxa1+ 26. Nxa1 cxb6 27. Nc2 Bf8 28. Ne3 Nf6 29. Qf3 Nd7 30. Na7 Nbc5 31. Nc6 Qf6 32. Qxf6 Nxf6 33. f3 Nfd7 34. Kf1 h5 35. Ke2 Kg7 36. Nc2 f5 37. exf5 gxf5 38. Ne3 Kf6 39. Be1 Bh6 40. Bh4+ Bg5 41. Bxg5+ Kxg5 42. g3 f4 43. h4+ Kg6 44. gxf4 exf4 45. Ng2 Kf5 46. Nd4+ Ke5 47. Nc6+ Kf5 48. Nd4+ Ke5 49. Ne6 Nxe6 50. dxe6 Nf6 51. e7 Ne8 52. Kd3 Nf6 53. Kc3 d5 54. Kd3 dxc4+ 55. Kxc4 Kd6 56. Nxf4 Kxe7 57. Kb5 Kd6 58. Kxb6 Ke5 59. Ne2 Nd5+ 60. Kc5 Ne7 61. Ng3 Ng6 62. Nxh5 Nxh4 63. f4+ Kf5 64. Kd4 Ng2 65. Kd3 Kg6 66. Ng3 Nxf4+ 67. Ke4 1/2-1/2

[Event "African Games Rapid Open 2019"]
[Site "Casablanca"]
[Date "2019.08.26"]
[Round "2.7"]
[White "Mushore, Emarald Takudzwa"]
[Black "Makoto, Rodwell"]
[Result "1/2-1/2"]
[ECO "D45"]
[WhiteElo "2198"]
[BlackElo "2373"]
[Annotator "ChessBase"]
[PlyCount "35"]
[EventDate "2019.08.26"]
[EventType "team-tourn"]
[EventCountry "MAR"]
[SourceTitle "playchess.com"]
[Source "ChessBase"]
[SourceQuality "1"]
[TimeControl "900+10"]

1. d4 d5 2. Nf3 Nf6 3. c4 c6 4. Nc3 e6 5. e3 Be7 6. Bd3 dxc4 7. Bxc4 O-O 8. O-O b5 9. Bb3 a6 10. e4 c5 11. dxc5 Qxd1 12. Rxd1 Bxc5 13. h3 Bb7 14. Re1 Nc6 15. Be3 Bxe3 16. Rxe3 Na5 17. Rae1 Nxb3 18. axb3 1/2-1/2

[Event "African Games Rapid Open 2019"]
[Site "Casablanca"]
[Date "2019.08.26"]
[Round "2.8"]
[White "Ssegwanyi, Arthur"]
[Black "Oatlhotse, Providence"]
[Result "1-0"]
[ECO "B28"]
[WhiteElo "2335"]
[BlackElo "2252"]
[Annotator "NA"]
[PlyCount "97"]
[EventDate "2019.08.26"]
[EventType "team-tourn"]
[EventCountry "MAR"]
[SourceTitle "playchess.com"]
[Source "ChessBase"]
[SourceQuality "1"]
[TimeControl "900+10"]

1. e4 c5 2. Nf3 a6 3. c3 Nf6 4. e5 Nd5 5. d4 cxd4 6. cxd4 e6 7. Bc4 Nb6 8. Bd3 d6 9. O-O N8d7 10. Qe2 dxe5 11. dxe5 Nc5 12. Bc2 Nd5 13. a3 Bd7 14. Rd1 Qc7 15. Nd4 Be7 16. Nd2 Nf4 17. Qe3 Ng6 18. N2f3 Rc8 19. Bd2 Na4 20. Rdc1 Qb8 21. b3 Nb6 22. Nxe6 Bxe6 23. Qxb6 Bc5 24. Qa5 Qa7 25. Be4 b6 26. Qa4+ Bd7 27. Qc4 Bxf2+ 28. Kxf2 Rxc4 29. Rxc4 O-O 30. Rac1 Qb8 31. Rc7 Be6 32. Bb4 Re8 33. Bd6 Qd8 34. Bc6 Nh4 35. Bxe8 Qxe8 36. Nxh4 h6 37. R1c6 Bd7 38. Rxb6 Qe6 39. Rbb7 Qg4 40. Rxd7 Qxh4+ 41. Ke2 Qg4+ 42. Kd3 Qg6+ 43. Kc3 Qxg2 44. Rxf7 Qh3+ 45. Kd4 Qg4+ 46. Kc3 Qh3+ 47. Kb4 Qh4+ 48. Ka5 Qe1+ 49. b4 1-0

[Event "African Games Rapid Open 2019"]
[Site "Casablanca"]
[Date "2019.08.26"]
[Round "2.9"]
[White "Mesfin, Leykun"]
[Black "Boudriga, Mohamed Ali"]
[Result "0-1"]
[ECO "B70"]
[WhiteElo "2151"]
[BlackElo "2325"]
[Annotator "NA"]
[PlyCount "83"]
[EventDate "2019.08.26"]
[EventType "team-tourn"]
[EventCountry "MAR"]
[SourceTitle "playchess.com"]
[Source "ChessBase"]
[SourceQuality "1"]
[TimeControl "900+10"]

1. e4 c5 2. Nf3 d6 3. d4 cxd4 4. Nxd4 Nf6 5. Nc3 g6 6. f3 a6 7. Be3 Nbd7 8. Qd2 b5 9. O-O-O Bb7 10. Kb1 Rc8 11. h4 h5 12. Bd3 Bg7 13. Rhg1 Qc7 14. Nce2 e5 15. Nb3 d5 16. Ng3 O-O 17. Bh6 dxe4 18. Nxe4 Bxe4 19. fxe4 Bxh6 20. Qxh6 Ng4 21. Qd2 Nc5 22. Nxc5 Qxc5 23. Rde1 Rfd8 24. Rgf1 Rd6 25. g3 Kg7 26. Qe2 Rc7 27. Rf3 Rb7 28. Ref1 f6 29. Rc1 Rd4 30. c3 Rd6 31. Bc2 Rbd7 32. Rd3 Rxd3 33. Bxd3 Qf2 34. Qxf2 Nxf2 35. Bc2 Rd2 36. Rf1 Re2 37. Kc1 Kf7 38. Bb3+ Ke7 39. Bc2 Nxe4 40. Rf3 Re1+ 41. Bd1 Rg1 42. Rd3 0-1

[Event "African Games Rapid Open 2019"]
[Site "Casablanca"]
[Date "2019.08.26"]
[Round "2.10"]
[White "Zaibi, Amir"]
[Black "Traore, Bakary"]
[Result "1/2-1/2"]
[ECO "E67"]
[WhiteElo "2367"]
[BlackElo "2189"]
[Annotator "NA"]
[PlyCount "79"]
[EventDate "2019.08.26"]
[EventType "team-tourn"]
[EventCountry "MAR"]
[SourceTitle "playchess.com"]
[Source "ChessBase"]
[SourceQuality "1"]
[TimeControl "900+10"]

1. Nf3 Nf6 2. g3 g6 3. Bg2 Bg7 4. O-O O-O 5. d4 d6 6. c4 Nbd7 7. Nc3 e5 8. h3 c6 9. e4 Qb6 10. Na4 Qc7 11. dxe5 Nxe5 12. Nxe5 dxe5 13. Qc2 b6 14. b3 Be6 15. Ba3 Rfd8 16. Rad1 Nh5 17. Rxd8+ Rxd8 18. Rd1 Bf8 19. Bc1 Rxd1+ 20. Qxd1 Qd7 21. Qxd7 Bxd7 22. Be3 Ng7 23. Nb2 f6 24. Nd3 Ne6 25. f4 Bd6 26. h4 Kf7 27. Bh3 exf4 28. gxf4 Nc5 29. Bxc5 Bxc5+ 30. Kh2 Bxh3 31. Kxh3 Bd6 32. Kg4 h5+ 33. Kf3 Ke6 34. Ke3 f5 35. Ne1 Bc5+ 36. Kd3 fxe4+ 37. Kxe4 Be7 38. Nf3 Bf6 39. Ng5+ Bxg5 40. fxg5 {[%emt 0:00:02] Ke5+} 1/2-1/2

[Event "African Games Rapid Open 2019"]
[Site "Casablanca"]
[Date "2019.08.26"]
[Round "2.11"]
[White "Gohil, Mehul"]
[Black "Kayonde, Andrew"]
[Result "0-1"]
[ECO "D11"]
[WhiteElo "2076"]
[BlackElo "2384"]
[Annotator "ChessBase"]
[PlyCount "64"]
[EventDate "2019.08.26"]
[EventType "team-tourn"]
[EventCountry "MAR"]
[SourceTitle "playchess.com"]
[Source "ChessBase"]
[SourceQuality "1"]
[TimeControl "900+10"]

1. d4 d5 2. c4 c6 3. Nf3 Nf6 4. e3 Bg4 5. h3 Bxf3 6. Qxf3 e6 7. Nc3 Nbd7 8. Bd2 Bb4 9. g4 Qe7 10. O-O-O Rc8 11. g5 Bxc3 12. gxf6 Bxd2+ 13. Rxd2 Nxf6 14. Bd3 c5 15. Kb1 cxd4 16. cxd5 Nxd5 17. Bb5+ Kf8 18. Rxd4 Qf6 19. Qd1 g6 20. Bc4 Nb6 21. Rf4 Qe5 22. Bb3 Kg7 23. Rd4 Rc7 24. h4 Qf5+ 25. Bc2 Qf6 26. h5 Rhc8 27. Bb3 e5 28. h6+ Kg8 29. Rd6 Rc1+ 30. Qxc1 Rxc1+ 31. Rxc1 Qxd6 32. Rd1 Qf8 0-1

[Event "African Games Rapid Open 2019"]
[Site "Casablanca"]
[Date "2019.08.26"]
[Round "2.12"]
[White "Chumfwa, Stanley"]
[Black "Khetho, Phemelo"]
[Result "1/2-1/2"]
[ECO "C42"]
[WhiteElo "2317"]
[BlackElo "2178"]
[Annotator "NA"]
[PlyCount "60"]
[EventDate "2019.08.26"]
[EventType "team-tourn"]
[EventCountry "MAR"]
[SourceTitle "playchess.com"]
[Source "ChessBase"]
[SourceQuality "1"]
[TimeControl "900+10"]

1. e4 e5 2. Nf3 Nf6 3. Nxe5 d6 4. Nf3 Nxe4 5. d4 d5 6. Bd3 Bd6 7. O-O O-O 8. c4 c6 9. Qb3 dxc4 10. Bxc4 Nd7 11. Nc3 Nxc3 12. bxc3 h6 13. Qc2 Nf6 14. Ne5 Nd5 15. Bd2 Qf6 16. f4 Nb6 17. Bd3 c5 18. Rae1 cxd4 19. cxd4 Be6 20. a4 Rac8 21. Qd1 Rfd8 22. Qe2 Nxa4 23. Qe4 g6 24. Qxb7 Bxe5 25. fxe5 Qh4 26. Be3 Nc5 27. dxc5 Rxd3 28. Qxa7 Qh5 29. Qe7 Qxe5 30. Bxh6 Qxc5+ 1/2-1/2

[Event "African Games Rapid Open 2019"]
[Site "Casablanca"]
[Date "2019.08.26"]
[Round "2.13"]
[White "Mphungu, Gerrard"]
[Black "Winston Gerald, Mansfield Thomas"]
[Result "1-0"]
[ECO "A40"]
[WhiteElo "2107"]
[BlackElo "1872"]
[Annotator "NA"]
[PlyCount "72"]
[EventDate "2019.08.26"]
[EventType "team-tourn"]
[EventCountry "MAR"]
[SourceTitle "playchess.com"]
[Source "ChessBase"]
[SourceQuality "1"]
[TimeControl "900+10"]

1. d4 c6 2. c4 d6 3. Nf3 Qc7 4. e4 Bg4 5. Be2 Nd7 6. h3 Bh5 7. Nc3 e5 8. Be3 Ngf6 9. Qd2 Be7 10. Rd1 a5 11. O-O O-O 12. dxe5 dxe5 13. g4 Bg6 14. g5 Bb4 15. gxf6 Nxf6 16. Qc2 Bxc3 17. Qxc3 Nxe4 18. Qxe5 Qc8 19. Nh4 Re8 20. Qh2 Qe6 21. Nxg6 hxg6 22. Bf3 Nf6 23. b3 a4 24. Rd6 Qf5 25. Qg3 axb3 26. axb3 Ra3 27. Rfd1 Rxb3 28. Rd8 Qe6 29. Rxe8+ Nxe8 30. Rd8 f5 31. c5 Rb4 32. Qd6 Qf7 33. Kg2 g5 34. Qe5 Kf8 35. Bxg5 Qg6 36. Qe7+ Kg8 1-0

[Event "African Games Rapid Open 2019"]
[Site "Casablanca"]
[Date "2019.08.26"]
[Round "2.14"]
[White "Amba, Oyon Marius Claude"]
[Black "Gole, Habtamu Ashenafi"]
[Result "1/2-1/2"]
[ECO "B93"]
[WhiteElo "1911"]
[BlackElo "2046"]
[Annotator "NA"]
[PlyCount "73"]
[EventDate "2019.08.26"]
[EventType "team-tourn"]
[EventCountry "MAR"]
[SourceTitle "playchess.com"]
[Source "ChessBase"]
[SourceQuality "1"]
[TimeControl "900+10"]

1. e4 c5 2. Nf3 d6 3. d4 cxd4 4. Nxd4 Nf6 5. Nc3 a6 6. f4 e6 7. Nf3 Be7 8. Bd3 Nbd7 9. O-O Qc7 10. Kh1 b5 11. a3 Bb7 12. Qe1 Rc8 13. f5 e5 14. Bg5 Nb6 15. Rd1 h6 16. Bh4 Nc4 17. Bxc4 Qxc4 18. Bxf6 gxf6 19. Qe3 Qc5 20. Rfe1 a5 21. Qxc5 Rxc5 22. Nd2 b4 23. axb4 axb4 24. Na2 Rxc2 25. Nxb4 Rxb2 26. Nd3 Ra2 27. Nb4 Ra4 28. Rb1 O-O 29. Nd5 Bxd5 30. exd5 Rd4 31. Ne4 Rc8 32. h3 Rcc4 33. Rb8+ Kg7 34. Re3 Rd1+ 35. Kh2 Rcc1 36. Rg3+ Kh7 37. Rgg8 1/2-1/2

[Event "African Games Rapid Open 2019"]
[Site "Casablanca"]
[Date "2019.08.26"]
[Round "2.15"]
[White "Mwale, Joseph"]
[Black "Naipal, Hoolan"]
[Result "1-0"]
[ECO "E01"]
[WhiteElo "2231"]
[BlackElo "1785"]
[Annotator "NA"]
[PlyCount "65"]
[EventDate "2019.08.26"]
[EventType "team-tourn"]
[EventCountry "MAR"]
[SourceTitle "playchess.com"]
[Source "ChessBase"]
[SourceQuality "1"]
[TimeControl "900+10"]

1. d4 Nf6 2. c4 e6 3. g3 d5 4. Bg2 Bb4+ 5. Bd2 Be7 6. Qc2 c6 7. Nf3 O-O 8. O-O Nbd7 9. Nc3 dxc4 10. a4 Qc7 11. e4 e5 12. dxe5 Nxe5 13. Bf4 Bd6 14. Nd4 Ng6 15. Bg5 h6 16. Bxf6 gxf6 17. Nf5 Bxf5 18. exf5 Ne5 19. Rad1 Kg7 20. Rd4 Rh8 21. Ne4 Be7 22. f4 Ng4 23. Qe2 h5 24. Kh1 b5 25. axb5 cxb5 26. Nc3 Rae8 27. Re4 Qc5 28. Nd1 a5 29. Re1 b4 30. h3 c3 31. bxc3 bxc3 32. Rc4 Qxf5 33. Be4 1-0

[Event "African Games Rapid Open 2019"]
[Site "Casablanca"]
[Date "2019.08.26"]
[Round "2.16"]
[White "Hassan, Abderrahmane"]
[Black "Beukes, Dante M"]
[Result "0-1"]
[ECO "A45"]
[WhiteElo "1786"]
[BlackElo "2130"]
[Annotator "NA"]
[PlyCount "84"]
[EventDate "2019.08.26"]
[EventType "team-tourn"]
[EventCountry "MAR"]
[SourceTitle "playchess.com"]
[Source "ChessBase"]
[SourceQuality "1"]
[TimeControl "900+10"]

1. d4 Nf6 2. Nc3 d5 3. Bf4 g6 4. e3 Bg7 5. h4 h5 6. Nf3 Bg4 7. Be2 O-O 8. Ne5 Bxe2 9. Qxe2 c5 10. O-O-O Nc6 11. f3 Rc8 12. g4 cxd4 13. exd4 Na5 14. Qe3 Nc4 15. Nxc4 Rxc4 16. Bh6 Qc7 17. Bxg7 Kxg7 18. Rd2 e6 19. Rg1 a6 20. gxh5 Nxh5 21. Qg5 Rh8 22. Ne2 Qd8 23. Qe5+ Qf6 24. Qxf6+ Nxf6 25. Rh1 Ne8 26. Ng3 Nd6 27. h5 g5 28. b3 Rc3 29. Rf1 Nf5 30. Nxf5+ exf5 31. Kb2 Re3 32. Rh2 Kh6 33. Kc1 Rc8 34. Kd2 f4 35. Rh3 f5 36. Rh2 Rcc3 37. Rhf2 Kxh5 38. Rh1+ Kg6 39. Rhf1 b5 40. a3 a5 41. Kc1 a4 42. Kb2 axb3 0-1

[Event "African Games Rapid Open 2019"]
[Site "Casablanca"]
[Date "2019.08.26"]
[Round "2.17"]
[White "Eichab, Charles"]
[Black "Asante Debesai Zerabruk"]
[Result "0-1"]
[ECO "A20"]
[WhiteElo "2016"]
[BlackElo "1712"]
[Annotator "NA"]
[PlyCount "130"]
[EventDate "2019.08.26"]
[EventType "team-tourn"]
[EventCountry "MAR"]
[SourceTitle "playchess.com"]
[Source "ChessBase"]
[SourceQuality "1"]
[TimeControl "900+10"]

1. c4 e5 2. g3 Nf6 3. Bg2 d5 4. cxd5 Nxd5 5. Nc3 Be6 6. d3 f6 7. Nf3 Nc6 8. O-O Bc5 9. a3 a5 10. Bd2 O-O 11. Rc1 Ba7 12. Ne4 Qe7 13. Qa4 Nd4 14. Nxd4 Bxd4 15. Qc2 c6 16. Nc5 Bxc5 17. Qxc5 Qc7 18. Rfd1 a4 19. e4 Ne7 20. Bb4 Rfe8 21. d4 exd4 22. Qxd4 Ng6 23. Bd6 Qf7 24. f4 Bb3 25. Rd2 Rad8 26. Kf2 Rd7 27. Qb4 Nf8 28. Bh3 Ne6 29. Kg1 h5 30. e5 Rc8 31. f5 Ng5 32. e6 Nxh3+ 33. Kg2 Bxe6 34. fxe6 Qxe6 35. Rcd1 Ng5 36. Bf4 Rxd2+ 37. Rxd2 Qe4+ 38. Qxe4 Nxe4 39. Rd7 Nc5 40. Rd4 b5 41. Rd6 Kf7 42. Be3 Ne4 43. Rd7+ Kg6 44. Kf3 Ng5+ 45. Ke2 Nf7 46. Bf4 Re8+ 47. Kf2 Rc8 48. Ke2 Re8+ 49. Kf2 Ne5 50. Bxe5 Rxe5 51. Rd6 Rc5 52. Rd2 Kf5 53. Kf3 Rc4 54. h3 g6 55. Kf2 c5 56. Kf3 b4 57. axb4 cxb4 58. Rd5+ Ke6 59. Ra5 a3 60. bxa3 Rc3+ 61. Kf2 bxa3 62. h4 Rc2+ 63. Kf3 a2 64. g4 hxg4+ 65. Kxg4 g5 0-1

[Event "African Games Rapid Open 2019"]
[Site "Casablanca"]
[Date "2019.08.26"]
[Round "2.18"]
[White "Kouya, Tyeoulou Bernardin F"]
[Black "Ebosse, Kingue Victor Patric"]
[Result "0-1"]
[ECO "A48"]
[WhiteElo "1770"]
[BlackElo "2055"]
[Annotator "NA"]
[PlyCount "76"]
[EventDate "2019.08.26"]
[EventType "team-tourn"]
[EventCountry "MAR"]
[SourceTitle "playchess.com"]
[Source "ChessBase"]
[SourceQuality "1"]
[TimeControl "900+10"]

1. d4 Nf6 2. Nf3 g6 3. Bg5 Bg7 4. Nbd2 O-O 5. c3 d6 6. e4 Nc6 7. Bd3 e5 8. d5 Ne7 9. b4 Nh5 10. c4 h6 11. Bh4 Nf4 12. Bf1 g5 13. Bg3 Neg6 14. h3 f5 15. Qb3 fxe4 16. Nxe4 Bf5 17. Qe3 Kh8 18. Rc1 b5 19. Bxf4 exf4 20. Qd3 Bxe4 21. Qb3 Re8 22. Kd2 bxc4 23. Bxc4 a5 24. b5 a4 25. Qd1 c6 26. Qf1 Qa5+ 27. Kd1 cxb5 28. Bxb5 Rab8 29. Bxe8 Bxf3+ 30. gxf3 Qxd5+ 31. Ke1 Rxe8+ 32. Qe2 Rxe2+ 33. Kxe2 Ne5 34. Rc8+ Kh7 35. Rhc1 Qxf3+ 36. Kf1 Qxh3+ 37. Ke2 Qd3+ 38. Ke1 Nf3# 0-1